AoeStats
← | ArCas | Toruk Makto

Arena

508340456Analyzed
4v4 RM · 9d ago on Sep 22, 2026· 43m 19s· 8 players
Game mode
Random Map
Map size
Large (8 player)
Population
200
Speed
Normal
Resources
Standard
Victory
Conquest
Starting age
Dark Age
Ending age
Imperial Age
RankedLock teamsTeams togetherTeam positionsShared explorationLock speedFull tech treeHidden civsTurbo modeCheats
Victory
Defeat
🇲🇽 Bohemians · Mexico
1500
+8
🇨🇴 Italians · Colombia
1392
+12
🇲🇽 Khmer · Mexico
1306
+15
🇭🇳 Persians · Honduras
1279
+18
🇦🇷 Malay · Argentina
1318
-14
🇦🇷 Burgundians · Argentina
1318
-14
🇮🇹 Goths · Italy
1295
-13
🇨🇴 Huns · Colombia
1273
-12
| ArCas | Toruk Makto
11:59 Feudal Age
15:35 Castle Age
14:53 Loom
16:17 Double-Bit Axe
16:15 Horse Collar
21:45 Town Watch
33:18 Bow Saw
33:14 Heavy Plow
34:54 Wheelbarrow
35:22 Gold Mining
37:26 Crossbowman
38:12 Thumb Ring
41:15 Imperial Age
39:48 Forging
39:28 Fletching
39:40 Padded Archer Armor
40:34 Gold Shaft Mining
39:49 Stone Mining
39:39 Pikeman
40:20 Squires
40:40 Bodkin Arrow
41:05 Forging
41:13 Leather Archer Armor
40:31 Arbalester
41:41 Halberdier
44:09 Chemistry
43:47 Crop Rotation
MLT | Bombad Gastald
3:27 Loom
5:19 Loom
11:15 Feudal Age
15:04 Castle Age
12:56 Double-Bit Axe
13:27 Horse Collar
20:45 Man-at-Arms
21:49 Long Swordsman
22:46 Squires
25:37 Scale Mail Armor
28:43 Forging
29:59 Pikeman
31:37 Bow Saw
TheMarshall
10:54 Feudal Age
14:05 Wheelbarrow
15:37 Castle Age
13:50 Double-Bit Axe
14:08 Horse Collar
17:09 Wheelbarrow
16:56 Bow Saw
17:55 Heavy Plow
19:36 Loom
21:33 Stone Mining
22:50 Gold Mining
24:01 Hand Cart
26:12 Bloodlines
29:28 Imperial Age
28:18 Scale Barding Armor
28:26 Forging
28:26 Husbandry
29:41 Chain Barding Armor
30:11 Marauders
30:53 Gold Shaft Mining
31:12 Plate Barding Armor
31:14 Iron Casting
30:07 Elite Tarkan
31:12 Conscription
31:31 Scale Mail Armor
31:08 Pikeman
31:49 Squires
32:55 Blast Furnace
33:06 Chain Mail Armor
35:08 Guilds
34:43 Halberdier
41:10 Fletching
41:21 Padded Archer Armor
41:58 Bodkin Arrow
43:08 Chemistry
42:28 Ballistics
kiricocho
4:58 Double-Bit Axe
10:39 Feudal Age
9:06 Horse Collar
15:09 Castle Age
14:12 Bow Saw
15:45 Heavy Plow
20:41 Stone Mining
23:25 Wheelbarrow
24:51 Hand Cart
24:24 Loom
27:34 Stone Shaft Mining
26:49 Gold Mining
29:42 Imperial Age
27:14 Husbandry
26:34 Cavalier
27:55 Scale Barding Armor
29:03 Chain Barding Armor
29:26 Gold Shaft Mining
29:50 Paladin
31:53 Forging
32:19 Plate Barding Armor
33:32 Iron Casting
35:51 Conscription
36:39 Blast Furnace
35:49 Light Cavalry
37:50 Chemistry
37:27 Hussar
38:21 Fletching
39:49 Bodkin Arrow
39:55 Scale Mail Armor
39:59 Squires
42:41 Chain Mail Armor
42:26 Bracer
Bad Panda
4:30 Loom
9:58 Feudal Age
13:21 Castle Age
11:54 Double-Bit Axe
15:03 Bow Saw
19:53 Horse Collar
21:07 Heavy Plow
22:10 Wheelbarrow
23:03 Stone Mining
24:46 Stone Shaft Mining
24:48 Loom
28:14 Imperial Age
25:54 Padded Archer Armor
25:44 Fletching
26:55 Scale Barding Armor
27:00 Forging
27:24 Husbandry
27:34 Bloodlines
28:41 Chain Barding Armor
29:49 Conscription
30:35 Iron Casting
30:06 Gold Mining
31:15 Plate Barding Armor
31:09 Town Watch
31:39 Hand Cart
32:40 Elite Battle Elephant
33:52 Fortified Wall
35:23 Blast Furnace
35:25 Bodkin Arrow
35:46 Leather Archer Armor
35:54 Ballistics
36:35 Chemistry
35:41 Siege Engineers
36:28 Double Crossbow
37:14 Bracer
37:13 Murder Holes
37:29 Masonry
37:52 Elite Ballista Elephant
Wazded
10:38 Feudal Age
12:22 Double-Bit Axe
14:48 Castle Age
15:51 Bow Saw
15:23 Horse Collar
16:30 Fervor
18:11 Wheelbarrow
18:01 Loom
20:07 Town Watch
23:35 Hand Cart
30:31 Imperial Age
30:37 Chemistry
Francisco Morazán
10:34 Feudal Age
11:10 Loom
14:17 Castle Age
12:32 Double-Bit Axe
12:31 Horse Collar
22:56 Wheelbarrow
23:19 Bow Saw
23:49 Heavy Plow
27:20 Hand Cart
29:56 Imperial Age
27:27 Gold Mining
27:27 Stone Mining
27:51 Scale Barding Armor
28:39 Bloodlines
28:30 Husbandry
29:18 Gold Shaft Mining
29:26 Forging
29:48 Cavalier
32:35 Stone Shaft Mining
32:23 Chain Barding Armor
32:39 Iron Casting
32:34 Fletching
34:59 Conscription
35:25 Plate Barding Armor
36:27 Blast Furnace
35:18 Savar
Viva Cristo
10:06 Feudal Age
14:11 Castle Age
11:58 Double-Bit Axe
15:16 Bow Saw
20:08 Wheelbarrow
19:37 Loom
20:33 Horse Collar
25:50 Imperial Age
23:35 Heavy Plow
23:34 Gold Mining
23:50 Fletching
25:57 Bodkin Arrow
27:15 Ballistics
27:32 Padded Archer Armor
38:31 Thumb Ring
40:39 Stone Mining
42:04 Leather Archer Armor
44:58 Imperial Age
43:52 Hand Cart
Connection lost

Rejoining the realm…

Still unreachable

The connection could not be restored.

Session expired

The server has moved on; the page needs a fresh start.